 Dungeon Crawl Stone Soup version 0.31-b1-20-g67cafac56d (webtiles) character file.

Game seed: 14071482216398054513

2 Esekla the Sneak (level 1, -3/16 HPs)
             Began as an Octopode Delver on Jan 17, 2024.
             Was an Initiate of Gozag.
             Slain by an ice beast (5 damage)
             ... on level 5 of the Dungeon.
             The game lasted 00:03:10 (197 turns).

Esekla the Sneak (Octopode Delver)                   Turns: 197, Time: 00:03:10

Health: -3/16      AC:  1    Str: 11    XL:     1   Next: 30%
Magic:  1/1        EV: 13    Int: 12    God:    Gozag
Gold:   43         SH:  0    Dex: 13    Spells: 0/0 levels left

rFire   . . .        a - +0 falchion
rCold   . . .        (no shield)
rNeg    . . .        (helmet restricted)
rPois   .            (no amulet)
rElec   .            g - ring of see invisible
rCorr   .            (no ring)
SInv    +            (no ring)
Will    .....        (no ring)
Stlth   ++++         (no ring)
HPRegen 0.22/turn    (no ring)
MPRegen 0.07/turn    (no ring)
                     (no ring)

%: no passive effects
@: attractive
A: almost no armour, amphibious, 8 rings, camouflage 1, gelatinous body 1,
(nimble swimmer 1), tentacles
a: Renounce Religion, Potion Petition, Call Merchant, Bribe Branch


You were on level 5 of the Dungeon.
You worshipped Gozag.
Gozag was noncommittal.
You visited 2 branches of the dungeon, and saw 2 of its levels.

You collected 65 gold pieces.
You paid 22 gold pieces to Gozag.

Inventory:

Hand Weapons
 a - a +0 falchion (weapon)
 s - a +0 dagger
Jewellery
 g - a ring of see invisible (left tentacle)
Wands
 f - a wand of digging (3)
Scrolls
 b - a scroll of fog
Potions
 h - a potion of attraction


   Skills:
 * Level 3.0 Fighting
 * Level 2.0 Long Blades
 * Level 2.0 Dodging
 + Level 6.7 Stealth


You couldn't memorise any spells.
You didn't know any spells.
Your spell library contained the following spells:

 Spells                   Type           Power      Damage    Failure   Level
 Ensorcelled Hibernation  Hex/Ice        0%         N/A       45%         2
 Fugue of the Fallen      Necr           0%         N/A       69%         3
 Anguish                  Hex/Necr       0%         N/A       97%         4


Dungeon Overview and Level Annotations

Branches:
Dungeon (5/15)             Temple (1/1) D:5

Altars:
Cheibriados
Dithmenos
Elyvilon
Gozag
Qazlal
Ru
Vehumet
Yredelemnul

Shops:
D:5 *


Innate Abilities, Weirdness & Mutations

You cannot wear most types of armour.
You are amphibious.
You can wear up to eight rings at the same time.
Your skin changes colour to match your surroundings (Stealth+).
Your rubbery body absorbs attacks. (AC +1, EV +1)
((You are camouflaged when in or above water. (Stealth+)))
You have tentacles for arms and can constrict up to eight enemies at once.


Message History

Found a trident and 19 gold pieces.
Found a staircase to the Ecumenical Temple.
Found 12 gold pieces and a book of Dreams.
You see here 19 gold pieces.
You now have 65 gold pieces (gained 19).
You see here a book of Dreams.
You pick up a book of Dreams and begin reading...
You add the spells Ensorcelled Hibernation, Fugue of the Fallen and Anguish to your library.
There is a staircase to the Ecumenical Temple here.
You climb downwards.
Welcome to the Ecumenical Temple!
Found a staircase back to the Dungeon.
There is a staircase back to the Dungeon here.
Found an opulent altar of Gozag.
Okay, then.
There is an opulent altar of Gozag here.
You curl up in front of the altar of Gozag.
Gozag welcomes you!
You pay a service fee of 22 gold.
Okay, then.
Okay, then.
There is a staircase back to the Dungeon here.
You climb upwards.
The ice beast hits you but does no damage.
There is a staircase to the Ecumenical Temple here.
Okay, then.
You closely miss the ice beast. The ice beast hits you.
The ice beast freezes you!
* * * LOW HITPOINT WARNING * * *
It was a potion of attraction.
You feel attractive to monsters. The ice beast barely misses you.
There are no items here.
You hit the ice beast but do no damage. The ice beast barely misses you.
You hit the ice beast but do no damage. You squeeze the ice beast.
The ice beast is lightly wounded.
The ice beast hits you.
* * * LOW HITPOINT WARNING * * *
The ice beast freezes you.
You die...
Your body crumbles into a pile of gold.

# # # #
##### #
##..$# #
#..@.# #
#..Y)# #
#....# #
**######..##
*,........#
*,#######.#
*,* #.# *,*
#.# *,* #.#


You could see an ice beast.

Vanquished Creatures
  An orc (D:5)
1 creature vanquished.

Notes
Turn   | Place    | Note
-------+----------+-------------------------------------------
     0 | D:5      | Esekla the Octopode Delver began the quest for the Orb.
     0 | D:5      | Reached XP level 1. HP: 16/16 MP: 1/1
    32 | D:5      | Noticed an orc wizard
    42 | D:5      | Noticed a scorpion
    88 | D:5      | Found Vaitiz's Assorted Antiques.
    91 | D:5      | Noticed a sleepcap
   130 | D:5      | Noticed a hound
   136 | D:5      | Noticed an ice beast
   157 | D:5      | Found a staircase to the Ecumenical Temple.
   170 | Temple   | Entered the Ecumenical Temple
   181 | Temple   | Became a worshipper of Gozag Ym Sagoz the Greedy
   197 | D:5      | Slain by an ice beast

Illustrated notes

Levels and vault maps discovered:
D:5:      minmay_skewed_foursquare, layout_loops_ring,
          minmay_temple_entry_offerings, serial_shops,
          nicolae_shop_advertising_works [nicolae_subvault_shop_adworks]
Temple:   hellmonk_temple_flake

Action                     || total
---------------------------++-------
  Melee: Falchion          ||     6
         Tentacles         ||     1
    Use: Scroll            ||     2
         Potion            ||     2
   Stab: Sleeping          ||     1
 Armour: Skin              ||     6
  Dodge: Dodged            ||     3
